 Dungeon Crawl Stone Soup version 0.26-a0-639-g72c4674329 (webtiles) character file.

Game seed: 10194400174509495141

32 Gottschkopf the Ruffian (level 3, -1/28 HPs)
             Began as a Draconian Transmuter on Sept 16, 2020.
             Slain by a worm (7 damage)
             ... on level 2 of the Dungeon.
             The game lasted 00:01:25 (1351 turns).

Gottschkopf the Ruffian (Draconian Transmuter)      Turns: 1351, Time: 00:01:25

Health: -1/28      AC:  5    Str: 12    XL:     3   Next: 10%
Magic:  5/6        EV: 12    Int: 14    God:
Gold:   48         SH:  0    Dex: 11    Spells: 5/6 levels left

rFire    . . .     SeeInvis .     - Unarmed
rCold    . . .     Faith    .   (no shield)
rNeg     . . .     Spirit   .   (armour unavailable)
rPois    .         Reflect  .   (helmet currently unavailable)
rElec    .         Harm     .   (no cloak)
rCorr    .         Rampage  .   (no gloves)
MR       .....                  (boots currently unavailable)
Stlth    +.........             (no amulet)
HPRegen  0.09/turn              (no ring)
MPRegen  0.10/turn              (no ring)

@: appendages
A: unfitting armour, horns 2, talons 2, cold-blooded, AC +5
a: End Transformation


You were on level 2 of the Dungeon.
You had grown temporary horns.
You had grown temporary talons.
You visited 1 branch of the dungeon, and saw 2 of its levels.

You collected 48 gold pieces.

Inventory:

Scrolls
 c - a scroll of identify {unknown}
 d - a scroll of remove curse {unknown}
 f - a scroll of amnesia {unknown}
Potions
 a - a potion of haste {unknown}
 b - 2 potions of curing
 e - a potion of heal wounds {unknown}


   Skills:
 - Level 1.1 Fighting
 - Level 1.7 Dodging
 + Level 4.3 Unarmed Combat
 - Level 2.0 Spellcasting
 - Level 2.0 Transmutations


You had 5 spell levels left.
You knew the following spells:

 Your Spells              Type           Power        Failure   Level
a - Beastly Appendage     Tmut           #.....       11%         1

Your spell library contained the following spells:

 Spells                   Type           Power        Failure   Level
 Wereblood                Tmut           #.......     16%         2
 Spider Form              Tmut/Pois      #.........   43%         3
 Ice Form                 Ice/Tmut       #.......     83%         4
 Blade Hands              Tmut           #.........   96%         5


Dungeon Overview and Level Annotations

Branches:
Dungeon (2/15)

Altars:
Ru


Innate Abilities, Weirdness & Mutations

Your plain brown scales are hard. (AC +5)
You cannot fit into any form of body armour.
You are cold-blooded and may be slowed by cold attacks.
You have a pair of horns on your head.
You have razor-sharp toenails.


Message History

You hit the worm.
The worm is heavily wounded.
The worm bites you.
You are too injured to fight recklessly!
You are too injured to fight recklessly!
You are too injured to fight recklessly!
Casting: Beastly Appendage (safe; 11% risk of failure)
Confirm with . or Enter, or press ? or * to list all spells.
You extend your transformation's duration.
Unknown command.
You barely miss the worm. You claw the worm.
The worm is heavily wounded.
The worm bites you!
* * * LOW HITPOINT WARNING * * *
You hit the worm. You claw the worm. You headbutt the worm.
The worm is almost dead.
You completely miss the worm. Your headbutt misses the worm.
The worm is almost dead.
The worm bites you!
You die...

##_## ##...##
#.....# #.....#
..... ##...##
#..w..#
#..@..###
#.....#.#
##.†.##.#
##.###.##
#.###..###
#........#
##.###...###..#
#.# ##.......#
..# #.#####.#


You could see a worm.

Vanquished Creatures
  An adder (D:2)
  A dart slug (D:1)
  5 bats
  A giant cockroach (D:1)
  2 goblins (D:2)
  3 hobgoblins (D:1)
  5 frilled lizards (D:1)
  2 kobolds (D:1)
  5 rats
25 creatures vanquished.

Notes
Turn   | Place    | Note
-------+----------+-------------------------------------------
     0 | D:1      | Gottschkopf the Draconian Transmuter began the quest for
                  | the Orb.
     0 | D:1      | Reached XP level 1. HP: 16/16 MP: 3/3
     3 | D:1      | Noticed an electric eel
     5 | D:1      | Noticed an electric eel
   127 | D:1      | Reached XP level 2. HP: 1/23 MP: 3/5
  1113 | D:2      | Reached skill level 4 in Unarmed Combat
  1157 | D:2      | Reached XP level 3. HP: 8/28 MP: 2/6
  1345 | D:2      | Found a sacrificial altar of Ru.
  1351 | D:2      | Slain by a worm

Illustrated notes

Levels and vault maps discovered:
D:1:      arrival_aquarium_b, layout_basic, minmay_octomino_c4
D:2:      layout_basic, nicolae_overflow_crystal_walls, marbit_many_paths,
          overflow_temple_1_default

Skill      XL: |  1  2 |
---------------+-------+-----
Unarmed Combat | 4 |  4.3
Fighting       | |  1.1
Dodging        | |  1.7
Spellcasting   | |  2.0
Transmutations | |  2.0

Action                   || total
-------------------------++-------
Melee: Unarmed           ||    78
       Kick              ||    10
       Headbutt          ||     9
       Tailslap          ||     2
 Cast: Beastly Appendage ||    16
  Use: Potion            ||     1
Armor: Skin              ||    18
Dodge: Dodged            ||    55

Table legend: (Time is in decaauts)
 A = Elapsed time spent in this place.
 B = Non-inter-level travel time spent in this place.
 C = Inter-level travel time spent in this place.
 D = Time resting spent in this place.
 E = Time spent auto-exploring this place.
 F = Levels seen in this place.
 G = Mean time per level.
                   A        B        C        D        E       F      G
               +--------+--------+--------+--------+--------+-----+--------+
         Total |   1345 |   1340 |      5 |    222 |    951 |   2 |  672.5 |
       Dungeon |   1345 |   1340 |      5 |    222 |    951 |   2 |  672.5 |
               +--------+--------+--------+--------+--------+-----+--------+

Top non-repeatable levels by time:
     D:1: 1100 daAuts
     D:2: 245 daAuts
